 Dungeon Crawl Stone Soup version 0.31.0-32-g396128a36d (webtiles) character file.

Game seed: 2960301897181230068

2478 spaghetti the Fighter (level 9, -2/56 (84) HPs)
             Began as a Demonspawn Chaos Knight on Mar 14, 2024.
             Was a Plaything of Xom.
             Slain by Joseph
             ... wielding a +0 quarterstaff of draining
              (12 damage)
             ... on level 7 of the Dungeon.
             The game lasted 00:06:26 (5942 turns).

spaghetti the Fighter (Demonspawn Chaos Knight)     Turns: 5942, Time: 00:06:27

HP:   -2/56 (84)    AC:  9    Str: 11 (12) XL:     9   Next: 27%
MP:   9/9           EV: 11    Int: 22 (23) God:    Xom [*.....]
Gold: 115           SH:  0    Dex: 10 (11) Spells: 8/8 levels left

rFire   . . .        a - +1 spear (chaos)
rCold   . . .        (no shield)
rNeg    . . .        i - +1 leather armour of Serendipity {rCorr Int+2 SInv}
rPois   .            s - +1 helmet
rElec   .            (no cloak)
rCorr   +            (no gloves)
SInv    +            m - +0 pair of boots
Will    .....        (no amulet) Stlth
                     g - ring of see invisible
HPRegen 0.29/turn    (no ring)
MPRegen 0.11/turn

%: no passive effects
@: confused, about to teleport, ambrosia-drunk, hasted, very heavily drained,
very quick
A: thin metallic scales 1, spiny 1, hooves 1, clever 1, deterioration 1
a: Renounce Religion


You were on level 7 of the Dungeon.
You worshipped Xom.
You were a special plaything of Xom.
You visited 1 branch of the dungeon, and saw 8 of its levels.

You collected 322 gold pieces.
You spent 207 gold pieces at shops.

Inventory:

Hand Weapons
 a - a +1 spear of chaos (weapon)
Armour
 b - a +2 leather armour
 i - the +1 leather armour of Serendipity (worn) {rCorr Int+2 SInv}
   (You found it on level 2 of the Dungeon)

   Int+2:     It affects your intelligence (+2).
   SInv:      It lets you see invisible.
   rCorr:     It protects you from acid and corrosion.
 m - a +0 pair of boots (worn)
 s - a +1 helmet (worn)
Magical Staves
 k - a staff of air
Jewellery
 g - a ring of see invisible (left hand)
 r - a ring of poison resistance
Wands
 d - a wand of iceblast (12)
 j - a wand of flame (1)
 o - a wand of polymorph (15)
 v - a wand of charming (8)
Scrolls
 f - a scroll of vulnerability
 l - a scroll of poison
 n - 2 scrolls of revelation
 p - a scroll of teleportation
 q - 2 scrolls of identify
 t - 2 scrolls of fog


   Skills:
 + Level 12.8 Fighting
 - Level 2.6 Polearms
 - Level 1.7 Armour
 - Level 0.8 Dodging


You had 8 spell levels left.
You didn't know any spells.
Your spell library contained the following spells:

 Spells                   Type           Power      Damage    Failure   Level
 Summon Small Mammal      Summ           0%         N/A       22%         1
 Call Canine Familiar     Summ           0%         N/A       54%         3
 Dazzling Flash           Conj/Hex       0%         N/A       54%         3
 Gell's Gravitas          Tloc           0%         N/A       54%         3
 Hailstorm                Conj/Ice       0%         3d5       54%         3
 Summon Ice Beast         Ice/Summ       0%         N/A       54%         3
 Teleport Other           Tloc           0%         N/A       54%         3
 Volatile Blastmotes      Fire/Tloc      0%         2d10      54%         3
 Summon Blazeheart Golem  Fire/Summ      0%         N/A       91%         4
 Dispersal                Tloc           0%         N/A       100%        6
 Sculpt Simulacrum        Ice/Alch       0%         N/A       100%        6
 Starburst                Conj/Fire      0%         6d3       100%        6
 Maxwell's Capacitive Co  Air            0%         ∞         100%        8


Dungeon Overview and Level Annotations

Branches:
Dungeon (8/15)             Temple (0/1) D:4
   Lair: D:8-11

Altars:
Ashenzari
Cheibriados
Dithmenos
Gozag
Makhleb
Okawaru
Trog
Vehumet

Shops:
D:4 [   D:5 *

Annotations:
D:7 Joseph


Innate Abilities, Weirdness & Mutations

You are partially covered in thin metallic scales. (AC +2)
You are partially covered in sharp spines.
You have large cloven feet.
Your mind is acute. (Int +4, Str/Dex -1)
Your body sometimes deteriorates upon taking damage.


Message History

The helpless Joseph fails to defend himself.
You hit Joseph.
You feel better.
Joseph is moderately wounded.
Joseph is no longer paralysed.
The wight misses you.
Joseph hits you with a +0 quarterstaff of draining.
You feel drained.
You hit Joseph.
You feel better.
Joseph is moderately wounded.
The wight barely misses you. Joseph is struck by your spines.
Joseph hits you but does no damage.
You feel drained.
You hit Joseph but do no damage.
Joseph is heavily wounded.
The wight hits you from afar with a +0 spear!
You feel drained.
Joseph hits you with a +0 quarterstaff of draining!
Your body deteriorates!
You feel weakened.
You feel drained.
You hit Joseph.
Joseph is heavily wounded.
The wight hits you from afar with a +0 spear!
* * * LOW HITPOINT WARNING * * *
Joseph barely misses you.
As you read the scroll of teleportation, it crumbles to dust.
You feel strangely unstable.
The wight hits you from afar with a +0 spear.
* * * LOW HITPOINT WARNING * * *
You feel drained. Joseph hits you but does no damage.
You feel drained.
You hit Joseph but do no damage.
Joseph seems to slow down.
Joseph is heavily wounded.
Joseph is no longer moving slowly.
The wight barely misses you.
It was a potion of haste.
You feel yourself speed up.
Xom roars with laughter!
Joseph barely misses you.
The wight hits you from afar with a +0 spear.
* * * LOW HITPOINT WARNING * * *
You are confused.
You feel invigorated. Joseph is struck by your spines.
Joseph hits you with a +0 quarterstaff of draining!
You die...
Xom bursts into laughter!

...#### #.## ###...#..
.#...######........#
#......##.#.........# .. #
.............. #...# ... ..
#.. #......... ##...#...≈ #..
#..###.....#.###....'..≈.
.8#........@.#...#....'..≈)
+###..#..#..@÷z.........#..§≈
......).##..)........#..# .
...)...)#.....###.##....#
......##...).......#..>.#
.....##.....#......#..##.#
.#......##.....##.....# ...
#..#...##......#..##.# ... ..
##♣..#..##.....## .. .
#...♣....##..### .#


You could see Joseph (drained) and a wight.

Vanquished Creatures
  A ynoxinul (D:4)
  An orc warrior (D:7)
  2 sky beasts
  2 black bears
  3 ogres
  A lemure (D:6)
  A gnoll sergeant (D:5)
  4 wights (D:4)
  2 hounds
  8 orc priests
  A bombardier beetle (D:3)
  2 jellies
  An iguana (D:5)
  5 orc wizards
  4 gnolls (D:5)
  7 adders
  2 shadow imps (D:6)
  An ufetubus (D:6)
  3 ribbon worms
  A dart slug (D:4)
  26 orcs
  9 ball pythons
  3 bats
  7 endoplasms
  4 giant cockroaches
  13 goblins
  5 hobgoblins
  4 jackals
  2 quokkas
  A frilled lizard (D:2)
  7 kobolds
  3 rats
136 creatures vanquished.

Vanquished Creatures (collateral kills)
  Pikel (D:6)
  An ice beast (D:5)
  A lemure (D:6)
  A jelly (D:6)
  An iguana (D:6)
  2 white imps (D:6)
  An ufetubus (D:6)
8 creatures vanquished.

Vanquished Creatures (others)
  An orc wizard (D:5)
  An orc (D:7)
2 creatures vanquished.

Grand Total: 146 creatures vanquished

Notes
Turn   | Place    | Note
-------+----------+-------------------------------------------
     0 | D:1      | spaghetti the Demonspawn Chaos Knight began the quest for
                  | the Orb.
     0 | D:1      | Reached XP level 1. HP: 18/18 MP: 1/1
   139 | D:1      | XOM: butterfly on damage
   285 | D:1      | Gained mutation: You are partially covered in sharp spines.
                  | [demonic ancestry]
   285 | D:1      | Reached XP level 2. HP: 24/24 MP: 2/2
   658 | D:2      | Reached skill level 4 in Fighting
   661 | D:2      | Identified the +1 leather armour of Serendipity {rCorr
                  | Int+2 SInv}
   857 | D:2      | XOM: potion effect (haste)
   864 | D:2      | Reached XP level 3. HP: 16/30 MP: 3/3
  1412 | D:3      | Found an iron altar of Okawaru.
  1422 | D:3      | Found an opulent altar of Gozag.
  1476 | D:3      | Identified the +2 robe of Immorality {rPois rF+ MP+9 Str-3}
  1490 | D:3      | XOM: silly message
  1534 | D:3      | Gained mutation: You are partially covered in thin metallic
                  | scales. (AC +2) [demonic ancestry]
  1534 | D:3      | Reached XP level 4. HP: 38/38 MP: 4/4
  1638 | D:3      | Reached skill level 5 in Fighting
  2327 | D:4      | Found a staircase to the Ecumenical Temple.
  2383 | D:4      | Found a shadowy altar of Dithmenos.
  2384 | D:4      | Noticed an ogre
  2392 | D:4      | Killed an ogre
  2393 | D:4      | Reached skill level 6 in Fighting
  2393 | D:4      | Reached XP level 5. HP: 47/47 MP: 5/5
  2439 | D:4      | Noticed a black bear
  2454 | D:4      | Killed a black bear
  2455 | D:4      | Reached XP level 6. HP: 38/53 MP: 6/6
  2472 | D:4      | XOM: silly message
  2477 | D:4      | Reached skill level 7 in Fighting
  2481 | D:4      | XOM: silly message
  2575 | D:4      | Noticed a sky beast
  2583 | D:4      | Killed a sky beast
  2608 | D:4      | XOM: silly message
  2711 | D:4      | Found a snail-covered altar of Cheibriados.
  2849 | D:4      | Reached skill level 8 in Fighting
  2849 | D:4      | Reached XP level 7. HP: 47/60 MP: 7/7
  2908 | D:4      | Found a bloodstained altar of Trog.
  3005 | D:4      | Found Kiull's Armour Boutique.
  3014 | D:4      | Bought a +1 helmet for 149 gold pieces
  3166 | D:4      | Found a burning altar of Makhleb.
  3168 | D:4      | a crimson imp changed into a ynoxinul
  3168 | D:4      | Noticed a ynoxinul
  3174 | D:4      | Found a radiant altar of Vehumet.
  3185 | D:4      | Killed a ynoxinul
  3186 | D:4      | Reached skill level 9 in Fighting
  3349 | D:5      | Entered Level 5 of the Dungeon
  3490 | D:5      | XOM: summons friendly shadow imp
  3914 | D:5      | Reached skill level 10 in Fighting
  3914 | D:5      | Reached XP level 8. HP: 24/72 MP: 8/8
  4400 | D:5      | Found Otoeneapn's Assorted Antiques.
  4405 | D:5      | Bought a scroll of identify for 58 gold pieces
  4460 | D:6      | XOM: enchant monster (good)
  4565 | D:5      | XOM: summons 8 friendly demons
  4585 | D:5      | XOM: give mutations
  4585 | D:5      | Gained mutation: You have large cloven feet. [Xom's
                  | mischief]
  4585 | D:5      | Gained mutation: Your muscles are strong. (Str +4, Int/Dex
                  | -1) [Xom's mischief]
  4585 | D:5      | Gained mutation: Your flesh is cold resistant. (rC+) [Xom's
                  | mischief]
  4585 | D:5      | Lost mutation: Your flesh is cold resistant. (rC+) [Xom's
                  | mischief]
  4626 | D:6      | XOM: swap monsters
  4633 | D:6      | XOM: silly message
  4638 | D:6      | Reached skill level 11 in Fighting
  4641 | D:6      | XOM: scenery: 1 doors open
  4910 | D:6      | XOM: polymorph iguana -> jackal
  4919 | D:6      | XOM: enchant monster (bad)
  4926 | D:6      | Found a broken altar of Ashenzari.
  4926 | D:6      | XOM: 3-stop teleportation journey
  4989 | D:6      | Noticed Pikel
  4996 | D:6      | XOM: polymorph shadow imp -> ufetubus
  4996 | D:6      | Killed Pikel
  4997 | D:6      | Reached skill level 12 in Fighting
  4997 | D:6      | Reached XP level 9. HP: 80/82 MP: 9/9
  5307 | D:7      | XOM: silly message
  5376 | D:7      | XOM: give mutations
  5376 | D:7      | Gained mutation: Your body sometimes deteriorates upon
                  | taking damage. [Xom's mischief]
  5376 | D:7      | Gained mutation: Your mind is acute. (Int +4, Str/Dex -1)
                  | [Xom's mischief]
  5376 | D:7      | Lost mutation: Your muscles are strong. (Str +4, Int/Dex
                  | -1) [Xom's mischief]
  5455 | D:7      | Noticed Joseph
  5695 | D:7      | XOM: butterfly on damage
  5703 | D:7      | HP: 2/69 [Joseph/+0 quarterstaff of draining (3)]
  5911 | D:8      | XOM: noise
  5942 | D:7      | Slain by Joseph

Illustrated notes

Levels and vault maps discovered:
D:1:      dpeg_arrival_stone_temple_mockup, layout_loops_ring
D:2:      layout_loops_ring
D:3:      layout_loops_corners, overflow_temple_1_default,
          grunt_gozag_breadcrumbs, hex_tiny, minmay_crystal_water,
          kennysheep_generic_room_13
D:4:      layout_rooms, nicolae_dithmenos_the_darkroom, slow_altar_2,
          trog_hazing_becter, grunt_temple_overflow_lords_of_destruction,
          minmay_temple_entry_mini_moons, serial_shops, nicolae_lakefront_shop
D:5:      layout_cave_pods, serial_shops, nicolae_shop_rolling_square
D:6:      layout_basic, mainiacjoe_overflow_alcove_2, serial_demonic,
          serial_demonic_b, serial_demonic_d, serial_demonic_g,
          serial_demonic_d, uniq_pikel
D:7:      layout_cave_pools, xom_teletrap_fun, mainiacjoe_overflow_boulevard,
          serial_bayou_pond_a, minmay_door_square, minivault_1,
          kennysheep_generic_room_7, uniq_joseph
D:8:      layout_basic, elyvilon_altar_5, mainiacjoe_overflow_cross_hatched,
          serial_curves, eino_curves_03, eino_curves_04, uniq_maurice

Skill      XL: |  1  2  3  4  5  6  7  8 |
---------------+-------------------------+-----
Fighting       | 4 6 8 10 12 | 12.8
Polearms       | |  2.6
Armour         | |  1.7
Dodging        | |  0.8

Action                     |  1- 3 |  4- 6 |  7- 9 || total
---------------------------+-------+-------+-------++-------
  Melee: Spear             |    88 |   101 |   269 ||   458
         Punch             |       |       |     9 ||     9
    Use: Scroll            |     6 |     1 |     8 ||    15
         Potion            |       |     1 |     3 ||     4
   Stab: Sleeping          |     2 |       |       ||     2
         Confused          |       |     2 |       ||     2
         Petrifying        |       |     1 |     2 ||     3
         Paralysed         |       |       |     1 ||     1
 Armour: Leather armour    |    24 |    52 |   189 ||   265
  Dodge: Dodged            |    17 |    31 |   146 ||   194
